HBL
SAN ANTONIO MISSIONS @ TUCSON TARANTULAS
04/26/1997
 
TOP OF THE 1ST
San Antonio Missions batting - Pitching for Tucson Tarantulas : LHP Mark Langston
Pitching: LHP Mark Langston
Batting: RHB Eric Owens 0-0: Ball
1-0: Called Strike
1-1: Ball
2-1: SINGLE (Flyball, 78M, EV 91.9 MPH)
Batting: LHB David Hulse 0-0: Ground out 4-3 (Groundball, 4S, EV 75.0 MPH)
Eric Owens to second
Batting: RHB Damian Jackson 0-0: Ball
1-0: Ball
2-0: Called Strike
2-1: Ball
3-1: Swinging Strike
3-2: SINGLE (Groundball, 6MD, EV 94.4 MPH)
Eric Owens to third
Runner from 3rd tries for Home, SAFE, throw by CF to home
Batting: RHB Orlando Miller 0-0: Ball
Damian Jackson steals 2nd base
1-0: Swinging Strike
1-1: Ball
2-1: Foul Ball, location: 2F
2-2: Strikes out looking
Batting: RHB David Green 0-0: Called Strike
0-1: Ball
1-1: Foul Ball, location: 2F
1-2: Strikes out swinging
Top of the 1st over - 1 run, 2 hits, 0 errors, 1 left on base; San Antonio 1 - Tucson 0
BOTTOM OF THE 1ST
Tucson Tarantulas batting - Pitching for San Antonio Missions : RHP Marty Bystrom
Pitching: RHP Marty Bystrom
Batting: RHB Barry Wesson 0-0: Foul Ball, location: 2F
0-1: Ball
1-1: Ball
2-1: Ball
3-1: Foul Ball, location: 2F
3-2: SINGLE (Line Drive, 7LS, EV 90.0 MPH)
Batting: RHB Ray Holbert 0-0: Ball
1-0: Called Strike
1-1: Fly out, F4 (Popup, 34, EV 75.6 MPH)
Batting: SHB Bip Roberts 0-0: Ball
Wild Pitch!
Barry Wesson to second
1-0: Ball
2-0: Called Strike
2-1: Foul Ball, location: 2F
2-2: SINGLE (Groundball, 56D, EV 94.4 MPH)
Barry Wesson to third
Runner from 3rd tries for Home, SAFE, no throw by LF
Batting: RHB Andres Galarraga 0-0: Foul Ball, location: 2F
0-1: Fly out, F8 (Flyball, 89D, EV 101.9 MPH)
Batting: SHB Mark Bellhorn 0-0: Ground out 1-3 (Groundball, P, EV 78.8 MPH)
Bottom of the 1st over - 1 run, 2 hits, 0 errors, 1 left on base; San Antonio 1 - Tucson 1
TOP OF THE 2ND
San Antonio Missions batting - Pitching for Tucson Tarantulas : LHP Mark Langston
Batting: SHB Bill Doran 0-0: Ground out 6-3 (Groundball, 6, EV 111.9 MPH)
Batting: RHB Mike Matheny 0-0: Ball
1-0: Called Strike
1-1: Ball
2-1: Swinging Strike
2-2: Foul Ball, location: 2F
2-2: Ball
3-2: SINGLE (Flyball, 8LS, EV 91.9 MPH)
Batting: LHB Brooks Kieschnick 0-0: Ball
1-0: Swinging Strike
1-1: Ball
2-1: Ball
3-1: SINGLE (Groundball, 3, EV 84.4 MPH) (infield hit)
Mike Matheny to second
Batting: SHB Alex Diaz 0-0: Ball
1-0: DOUBLE (Line Drive, 9LM, EV 98.1 MPH)
Mike Matheny scores
Brooks Kieschnick to third
Runner from 3rd tries for Home, SAFE, throw by RF to trailing runner, SAFE at third!
Batting: RHB Eric Owens 0-0: Ball
1-0: Foul Ball, location: 2F
1-1: SINGLE (Flyball, 7LS, EV 82.5 MPH)
Alex Diaz scores
Batting: LHB David Hulse 0-0: Ball
1-0: Ground out 4-3 (Groundball, 4MS, EV 75.0 MPH)
Eric Owens to second
Batting: RHB Damian Jackson 0-0: Ball
1-0: Foul Ball, location: 2F
1-1: Fly out, F7 (Line Drive, 7, EV 86.9 MPH)
Top of the 2nd over - 3 runs, 4 hits, 0 errors, 1 left on base; San Antonio 4 - Tucson 1
BOTTOM OF THE 2ND
Tucson Tarantulas batting - Pitching for San Antonio Missions : RHP Marty Bystrom
Batting: RHB Geronimo Berroa 0-0: Called Strike
0-1: Ball
1-1: Swinging Strike
1-2: Ground out 6-3 (Groundball, 6, EV 104.4 MPH)
Batting: RHB Jack Voigt 0-0: Ball
1-0: Ground out 5-3 (Groundball, 56D, EV 98.1 MPH)
Batting: SHB Matt Walbeck 0-0: Foul Ball, location: 2F
0-1: Ground out U3 (Groundball, 3, EV 103.1 MPH)
Bottom of the 2nd over - 0 runs, 0 hits, 0 errors, 0 left on base; San Antonio 4 - Tucson 1
TOP OF THE 3RD
San Antonio Missions batting - Pitching for Tucson Tarantulas : LHP Mark Langston
Batting: RHB Orlando Miller 0-0: Ball
1-0: Swinging Strike
1-1: Ball
2-1: Ball
3-1: Foul Ball, location: 2F
3-2: Strikes out looking
Batting: RHB David Green 0-0: Called Strike
0-1: Called Strike
0-2: Ball
1-2: Strikes out looking
Batting: SHB Bill Doran 0-0: Ball
1-0: Ball
2-0: Foul Ball, location: 2F
2-1: SINGLE (Line Drive, 6D, EV 106.3 MPH)
Batting: RHB Mike Matheny 0-0: Called Strike
0-1: Ball
1-1: Ground out 4-3 (Groundball, 4, EV 85.6 MPH)
Top of the 3rd over - 0 runs, 1 hit, 0 errors, 1 left on base; San Antonio 4 - Tucson 1
BOTTOM OF THE 3RD
Tucson Tarantulas batting - Pitching for San Antonio Missions : RHP Marty Bystrom
Batting: SHB Hanley Frias 0-0: Ground out 5-3 (Groundball, 5, EV 84.4 MPH)
Batting: RHB Barry Wesson 0-0: Ground out U3 (Groundball, 3, EV 106.9 MPH)
Batting: RHB Ray Holbert 0-0: Called Strike
0-1: Ground out 6-3 (Groundball, 6, EV 77.5 MPH)
Bottom of the 3rd over - 0 runs, 0 hits, 0 errors, 0 left on base; San Antonio 4 - Tucson 1
TOP OF THE 4TH
San Antonio Missions batting - Pitching for Tucson Tarantulas : LHP Mark Langston
Batting: LHB Brooks Kieschnick 0-0: Called Strike
0-1: Fly out, F5 (Popup, 15, EV 83.8 MPH)
Batting: SHB Alex Diaz 0-0: Called Strike
0-1: Ball
1-1: Ball
2-1: Foul Ball, location: 2F
2-2: Strikes out looking
Batting: RHB Eric Owens 0-0: Called Strike
0-1: Ball
1-1: Ball
2-1: Foul Ball, location: 2F
2-2: Ball
3-2: Foul Ball, location: 2F
3-2: SINGLE (Line Drive, 6M, EV 101.3 MPH)
Batting: LHB David Hulse 0-0: Ball
1-0: Foul Ball, location: 2F
1-1: Ball
2-1: Ground out 4-3 (Groundball, 4, EV 90.6 MPH)
Top of the 4th over - 0 runs, 1 hit, 0 errors, 1 left on base; San Antonio 4 - Tucson 1
BOTTOM OF THE 4TH
Tucson Tarantulas batting - Pitching for San Antonio Missions : RHP Marty Bystrom
Batting: SHB Bip Roberts 0-0: Swinging Strike
0-1: Foul Ball, location: 2F
0-2: Foul Ball, location: 2F
0-2: Foul Ball, location: 2F
0-2: Foul Ball, location: 2F
0-2: Ball
1-2: Foul Ball, location: 2F
1-2: Fly out, F6 (Popup, P, EV 65.6 MPH)
Batting: RHB Andres Galarraga 0-0: Foul Ball, location: 2F
0-1: Ball
1-1: Fly out, F7 (Flyball, 7S, EV 90.6 MPH)
Batting: SHB Mark Bellhorn 0-0: Called Strike
0-1: Called Strike
0-2: Ball
1-2: Ball
2-2: Strikes out looking
Bottom of the 4th over - 0 runs, 0 hits, 0 errors, 0 left on base; San Antonio 4 - Tucson 1
TOP OF THE 5TH
San Antonio Missions batting - Pitching for Tucson Tarantulas : LHP Mark Langston
Batting: RHB Damian Jackson 0-0: Ball
1-0: Ball
2-0: Foul Ball, location: 2F
2-1: Foul Ball, location: 2F
2-2: Foul Ball, location: 2F
2-2: Foul Ball, location: 2F
2-2: Ball
3-2: Base on Balls
Batting: RHB Orlando Miller 0-0: Called Strike
0-1: Called Strike
0-2: Fly out, F8 (Flyball, 8RS, EV 95.6 MPH)
Batting: RHB David Green 0-0: Fly out, F5 (Popup, 25, EV 75.6 MPH)
Batting: SHB Bill Doran 0-0: Ball
1-0: SINGLE (Line Drive, 8RS, EV 111.3 MPH)
Damian Jackson to second
Batting: RHB Mike Matheny 0-0: Ball
1-0: Ball
2-0: Foul Ball, location: 2F
2-1: Ground out 4-3 (Groundball, 4, EV 87.5 MPH)
Top of the 5th over - 0 runs, 1 hit, 0 errors, 2 left on base; San Antonio 4 - Tucson 1
BOTTOM OF THE 5TH
Tucson Tarantulas batting - Pitching for San Antonio Missions : RHP Marty Bystrom
Batting: RHB Geronimo Berroa 0-0: Called Strike
0-1: SINGLE (Groundball, 6MD, EV 96.9 MPH)
Batting: RHB Jack Voigt 0-0: Fly out, F7 (Flyball, 78M, EV 91.3 MPH)
Batting: SHB Matt Walbeck 0-0: Ball
1-0: Ball
2-0: SINGLE (Groundball, 34D, EV 104.4 MPH)
Geronimo Berroa to second
Runner from 2nd tries for 3rd, SAFE, no throw by RF
Batting: SHB Hanley Frias 0-0: Called Strike
0-1: Grounds into double play, 6-4-3 (Groundball, 6, EV 78.8 MPH)
Bottom of the 5th over - 0 runs, 2 hits, 0 errors, 1 left on base; San Antonio 4 - Tucson 1
TOP OF THE 6TH
San Antonio Missions batting - Pitching for Tucson Tarantulas : LHP Mark Langston
Batting: LHB Brooks Kieschnick 0-0: Called Strike
0-1: Called Strike
0-2: Strikes out looking
Batting: SHB Alex Diaz 0-0: SINGLE (Groundball, 56D, EV 101.3 MPH)
Batting: RHB Eric Owens 0-0: Called Strike
0-1: Ball
1-1: Called Strike
1-2: 2-RUN HOME RUN (Line Drive, 7D, EV 98.1 MPH), Distance : 380 ft
Pitching: RHP James Baldwin
Batting: LHB David Hulse 0-0: Foul Ball, location: 2F
0-1: Foul Ball, location: 2F
0-2: Strikes out swinging
Batting: RHB Damian Jackson 0-0: SINGLE (Flyball, 7S, EV 86.3 MPH)
Batting: RHB Orlando Miller 0-0: Foul Ball, location: 2F
0-1: Foul Ball, location: 2F
0-2: Foul Ball, location: 2F
0-2: Strikes out swinging
Top of the 6th over - 2 runs, 3 hits, 0 errors, 1 left on base; San Antonio 6 - Tucson 1
BOTTOM OF THE 6TH
Tucson Tarantulas batting - Pitching for San Antonio Missions : RHP Marty Bystrom
Batting: RHB Barry Wesson 0-0: Foul Ball, location: 2F
0-1: SINGLE (Groundball, 56S, EV 75.6 MPH) (infield hit)
Batting: RHB Ray Holbert 0-0: Ball
1-0: Swinging Strike
1-1: Called Strike
1-2: Strikes out swinging
Batting: SHB Bip Roberts 0-0: Ball
1-0: Ball
2-0: Fly out, F9 (Flyball, 9S, EV 88.1 MPH)
Batting: RHB Andres Galarraga 0-0: Called Strike
0-1: Ball
1-1: Reached on error, E6 (Groundball, 56, EV 80.6 MPH)
Barry Wesson to second
Batting: SHB Mark Bellhorn 0-0: Ball
1-0: Ball
2-0: Called Strike
2-1: Fly out, F8 (Line Drive, 8RD, EV 85.6 MPH)
Bottom of the 6th over - 0 runs, 1 hit, 1 error, 2 left on base; San Antonio 6 - Tucson 1
TOP OF THE 7TH
San Antonio Missions batting - Pitching for Tucson Tarantulas : RHP James Baldwin
Batting: RHB David Green 0-0: Ball
1-0: Fly out, F9 (Flyball, 9, EV 86.3 MPH)
Batting: SHB Bill Doran 0-0: Foul Ball, location: 2F
0-1: Ball
1-1: Foul Ball, location: 2F
1-2: Ball
2-2: Foul Ball, location: 2F
2-2: Foul Ball, location: 2F
2-2: SOLO HOME RUN (Flyball, 9D, EV 105.6 MPH), Distance : 345 ft
Batting: RHB Mike Matheny 0-0: Ball
1-0: Ball
2-0: Called Strike
2-1: Ball
3-1: Ground out 6-3 (Groundball, 6, EV 91.3 MPH)
Batting: LHB Brooks Kieschnick 0-0: Ball
1-0: Ball
2-0: Foul Ball, location: 2F
2-1: Foul Ball, location: 2F
2-2: Ball
3-2: Base on Balls
Batting: SHB Alex Diaz 0-0: Ball
1-0: Swinging Strike
1-1: Ball
2-1: Ball
Wild Pitch!
Brooks Kieschnick to second
3-1: Ground out 5-3 (Groundball, 56, EV 110.0 MPH)
Top of the 7th over - 1 run, 1 hit, 0 errors, 1 left on base; San Antonio 7 - Tucson 1
BOTTOM OF THE 7TH
Tucson Tarantulas batting - Pitching for San Antonio Missions : RHP Marty Bystrom
Batting: RHB Geronimo Berroa 0-0: Ball
1-0: Foul Ball, location: 2F
1-1: Foul Ball, location: 2F
1-2: Ball
2-2: Ball
3-2: Fly out, F8 (Flyball, 8LM, EV 79.4 MPH)
Batting: RHB Jack Voigt 0-0: Fly out, F7 (Flyball, 78S, EV 74.4 MPH)
Batting: SHB Matt Walbeck 0-0: Ball
1-0: Fly out, F9 (Flyball, 9D, EV 105.0 MPH)
Bottom of the 7th over - 0 runs, 0 hits, 0 errors, 0 left on base; San Antonio 7 - Tucson 1
TOP OF THE 8TH
San Antonio Missions batting - Pitching for Tucson Tarantulas : RHP James Baldwin
Batting: RHB Eric Owens 0-0: Swinging Strike
0-1: Fly out, F8 (Flyball, 8RS, EV 78.1 MPH)
Batting: LHB David Hulse 0-0: Called Strike
0-1: Foul Ball, location: 2F
0-2: Ball
1-2: Ball
2-2: Foul Ball, location: 2F
2-2: SINGLE (Groundball, 3D, EV 106.9 MPH)
Batting: RHB Damian Jackson 0-0: Called Strike
0-1: Foul Ball, location: 2F
0-2: Ball
David Hulse is caught stealing 2nd base 2-4
1-2: Foul Ball, location: 2F
1-2: Ball
2-2: Ball
3-2: Fly out, F3 (Line Drive, 3, EV 67.5 MPH)
Top of the 8th over - 0 runs, 1 hit, 0 errors, 0 left on base; San Antonio 7 - Tucson 1
BOTTOM OF THE 8TH
Tucson Tarantulas batting - Pitching for San Antonio Missions : RHP Marty Bystrom
Batting: SHB Hanley Frias 0-0: Ball
1-0: Called Strike
1-1: Foul Ball, location: 2F
1-2: Ball
2-2: Fly out, F5 (Popup, 5SF, EV 84.4 MPH)
Batting: RHB Barry Wesson 0-0: Ball
1-0: Foul Ball, location: 2F
1-1: Ground out U3 (Groundball, 34, EV 85.6 MPH)
Batting: RHB Ray Holbert 0-0: Swinging Strike
0-1: DOUBLE (Line Drive, 7LM, EV 100.0 MPH)
Batting: SHB Bip Roberts 0-0: Ball
1-0: Swinging Strike
1-1: Ball
2-1: Called Strike
2-2: Ball
3-2: Foul Ball, location: 2F
3-2: Fly out, F7 (Flyball, 7D, EV 95.6 MPH)
Bottom of the 8th over - 0 runs, 1 hit, 0 errors, 1 left on base; San Antonio 7 - Tucson 1
TOP OF THE 9TH
San Antonio Missions batting - Pitching for Tucson Tarantulas : RHP James Baldwin
Batting: RHB Orlando Miller 0-0: Swinging Strike
0-1: Ground out 1-3 (Groundball, 34S, EV 83.8 MPH)
Batting: RHB David Green 0-0: Ball
1-0: SINGLE (Line Drive, 4MD, EV 99.4 MPH)
Pitching: RHP Tim VanEgmond
Batting: SHB Bill Doran 0-0: Ball
1-0: Ball
2-0: Ball
3-0: Called Strike
3-1: Base on Balls
David Green to second
Batting: RHB Mike Matheny 0-0: Ball
1-0: Called Strike
1-1: Called Strike
1-2: Ball
2-2: SINGLE (Line Drive, 7S, EV 109.4 MPH)
David Green to third
Bill Doran to second
Batting: LHB Brooks Kieschnick 0-0: Swinging Strike
0-1: Foul Ball, location: 2F
0-2: Ball
1-2: Foul Ball, location: 2F
1-2: Ball
2-2: Strikes out swinging
Batting: SHB Alex Diaz 0-0: Swinging Strike
0-1: Foul Ball, location: 2F
0-2: Foul Ball, location: 2F
0-2: Ball
1-2: Ball
2-2: SINGLE (Groundball, 56D, EV 108.1 MPH)
David Green scores
Bill Doran to third
Mike Matheny to second
Runner from 3rd tries for Home, SAFE, throw by LF to home
Pinch Hitting: RHB Michael Coleman 0-0: Called Strike
0-1: Ball
1-1: Foul Ball, location: 2F
1-2: Fielders Choice at 2nd, 5-4 (Groundball, 56, EV 91.3 MPH)
Top of the 9th over - 2 runs, 3 hits, 0 errors, 2 left on base; San Antonio 9 - Tucson 1
BOTTOM OF THE 9TH
Tucson Tarantulas batting - Pitching for San Antonio Missions : RHP Marty Bystrom
Now in CF: Michael Coleman
Pinch Hitting: RHB Ralph Milliard 0-0: Ball
1-0: Foul Ball, location: 2F
1-1: Ball
2-1: Called Strike
2-2: Fly out, F9 (Flyball, 9LMF, EV 95.0 MPH)
Batting: SHB Mark Bellhorn 0-0: Ball
1-0: Foul Ball, location: 2F
1-1: Called Strike
1-2: Ball
2-2: SINGLE (Groundball, 4MD, EV 98.8 MPH)
Batting: RHB Geronimo Berroa 0-0: Foul Ball, location: 2F
0-1: Foul Ball, location: 2F
0-2: Foul Ball, location: 2F
0-2: Ball
1-2: Ball
2-2: Ball
3-2: Reached on error, E7 (Line Drive, 7, EV 88.1 MPH)
Mark Bellhorn to second
Pinch Hitting: RHB Todd Dunn 0-0: Called Strike
0-1: Ball
1-1: Foul Ball, location: 2F
1-2: DOUBLE (Flyball, 89D, EV 91.3 MPH)
Mark Bellhorn scores
Geronimo Berroa to third
Batting: SHB Matt Walbeck 0-0: Called Strike
0-1: Ball
1-1: Called Strike
1-2: Ground out 4-3 (Groundball, 4, EV 103.8 MPH)
Geronimo Berroa scores
Todd Dunn to third
Batting: SHB Hanley Frias 0-0: Called Strike
0-1: Called Strike
0-2: Ball
Passed Ball!
Todd Dunn scores
1-2: Ball
2-2: SINGLE (Groundball, 4S, EV 78.1 MPH) (infield hit)
Batting: RHB Barry Wesson 0-0: Ball
1-0: Swinging Strike
1-1: Foul Ball, location: 2F
1-2: Ball
2-2: Fly out, F9 (Flyball, 89S, EV 89.4 MPH)
Bottom of the 9th over - 3 runs, 3 hits, 1 error, 1 left on base; San Antonio 9 - Tucson 4
Monday, February 2nd, 2026 - OOTP Baseball 20.8 Build 74